 Dungeon Sprint DCSS version 0.30-a0-1114-gd936c97349 (webtiles) character file.

Game seed: 12580451677371257252

2787 123456 the Warrior (level 9, -5/97 HPs)
             Began as a Minotaur Fighter on Apr 20, 2023.
             Was an Initiate of Gozag.
             Slain by a boulder beetle (19 damage)
             ... in the Dungeon (Sprint IX: "|||||||||||||||||||||||||||||").
             The game lasted 00:01:08 (426 turns).

123456 the Warrior (Minotaur Fighter)                Turns: 426, Time: 00:01:10

Health: -5/97      AC: 13    Str: 23    XL:     9   Next: 43%
Magic:  8/8        EV: 16    Int:  5    God:    Gozag
Gold:   774        SH:  4    Dex: 12    Spells: 8/8 levels left

rFire   . . .      SeeInvis .    n - +2 morningstar (protect)
rCold   . . .      Faith    .    c - +0 buckler
rNeg    . . .      Spirit   .    o - +2 ring mail
rPois   .          Reflect  .    (helmet restricted)
rElec   .          Rampage  .    (no cloak)
rCorr   .          NoTele   +    (no gloves)
Will    .....                    a - +0 pair of boots
Stlth   +                        (no amulet)
HPRegen 0.36/turn                q - +2 ring of evasion
MPRegen 0.11/turn                p - +2 ring of protection

@: gold aura
A: horns 2, retaliatory headbutt
a: Renounce Religion, Potion Petition, Call Merchant, Bribe Branch


You were in the Dungeon.
You worshipped Gozag.
Gozag was pleased with you.
You visited 1 branch You collected 774 gold pieces.

Inventory:

Hand Weapons
 n - a +2 morningstar of protection (weapon)
Armour
 a - a +0 pair of boots (worn)
 c - a +0 buckler (worn)
 o - a +2 ring mail (worn)
Jewellery
 p - a +2 ring of protection (right hand)
 q - a +2 ring of evasion (left hand)
Wands
 m - a wand of acid (1)
Scrolls
 j - 2 scrolls of blinking
 l - 2 scrolls of amnesia
Potions
 d - a potion of might
 e - 5 potions of curing
 f - 3 potions of heal wounds
 g - a potion of haste
 h - 4 potions of magic
 i - a potion of berserk rage
 k - a potion of invisibility


   Skills:
 * Level 15.4 Fighting
 * Level 15.2 Maces & Flails
 + Level 11.4 Armour
 + Level 9.8 Dodging
 - Level 3.6 Shields


You had 8 spell levels left.
You didn't know any spells.
Your spell library was empty.

Dungeon Overview and Level Annotations

Branches:
Dungeon (1/1)

Altars:
Cheibriados
Dithmenos
Elyvilon
Fedhas
Gozag
Hepliaklqana
Kikubaaqudgha
Makhleb
Nemelex Xobeh
Okawaru
Qazlal
Ru
Sif Muna
Trog
Uskayaw
Vehumet
Wu Jian
Xom
Yredelemnul
Zin
The Shining One
Jiyva
Lugonu


Innate Abilities, Weirdness & Mutations

You have a pair of horns on your head.
You reflexively headbutt those who attack you in melee.


Message History

Your Armour skill increases to level 11!
You have reached level 9!
Your experience leads to an increase in your attributes!
Increase (S)trength, (I)ntelligence, or (D)exterity?
You feel stronger. x2
Aiming: Corrosive Bolt
Press: ? - help, Shift-Dir - straight line, f - boulder beetle
Aim: a boulder beetle (moderately wounded, covered in acid, 100% to hit)
The bolt of acid hits something!
Reactivating autopickup.
You feel a bit more experienced.
The bolt of acid hits the boulder beetle.
The boulder beetle is heavily wounded.
The bolt of acid hits the boulder beetle but does no damage.
The boulder beetle stops rolling and uncurls.
Your Maces & Flails skill increases to level 15!
Unknown command.
Aiming: Corrosive Bolt
Press: ? - help, Shift-Dir - straight line, f/p - boulder beetle
Aim: a boulder beetle (heavily wounded, covered in acid, 100% to hit)
The bolt of acid hits the boulder beetle.
The boulder beetle is heavily wounded.
The bolt of acid hits the boulder beetle but does no damage.
The boulder beetle is distracted by your dazzling golden aura.
The boulder beetle bites you but does no damage.
Unknown command.
Aiming: Corrosive Bolt
Press: ? - help, Shift-Dir - straight line, f/p - boulder beetle
Aim: a boulder beetle (heavily wounded, covered in acid, 100% to hit)
The bolt of acid hits the boulder beetle!
The boulder beetle seems to be corroded for longer.
The boulder beetle is severely wounded.
The bolt of acid hits the boulder beetle.
The acid corrodes the boulder beetle!
The boulder beetle is lightly wounded.
The boulder beetle is no longer distracted by gold.
The boulder beetle curls into a ball and begins rolling!
The boulder beetle bites you!!
You die...
Your body crumbles into a pile of gold. $$$$$ $ $ $ $$$$$ $ $$ ▓▓▓▓▓▓▓▓▓▓▓▓▓▓▓▓▓▓▓▓▓▓▓▓ ....B$B@....)[....[.)..' ▓▓▓▓▓▓▓▓▓▓▓▓▓▓▓▓▓▓▓▓▓▓▓▓

You could see 2 boulder beetles.

Vanquished Creatures
  A hydra (D)
  A boulder beetle (D)
  An unseen horror (D)
  A komodo dragon (D)
  2 trolls (D)
  A yak (D)
  A water moccasin (D)
  An ice beast (D)
  A centaur (D)
  A kobold brigand (D)
  A wight (D)
  A hound (D)
  A sleepcap (D)
  An iguana (D)
  An endoplasm (D)
  A goblin (D)
  2 quokkas (D)
  A bat (D)
20 creatures vanquished.

Notes
Turn   | Place    | Note
-------+----------+-------------------------------------------
     0 | D        | 123456 the Minotaur Fighter began the quest for the Orb.
     0 | D        | Reached XP level 1. HP: 19/19 MP: 0/0
    10 | D        | Reached skill level 1 in Dodging
    31 | D        | Noticed a sleepcap
    31 | D        | Noticed an iguana
    31 | D        | Noticed a water moccasin
    31 | D        | Noticed a hound
    31 | D        | Noticed an ice beast
    37 | D        | Killed an ice beast
    38 | D        | Reached skill level 5 in Armour
    38 | D        | Reached XP level 2. HP: 34/34 MP: 1/1
    38 | D        | Reached XP level 3. HP: 39/39 MP: 2/2
    38 | D        | Reached XP level 4. HP: 47/47 MP: 3/3
    50 | D        | Killed a water moccasin
    51 | D        | Reached skill level 5 in Dodging
    51 | D        | Reached XP level 5. HP: 31/57 MP: 4/4
    58 | D        | Reached XP level 6. HP: 13/64 MP: 5/5
   234 | D        | Found a snail-covered altar of Cheibriados.
   234 | D        | Found a shadowy altar of Dithmenos.
   234 | D        | Found a white marble altar of Elyvilon.
   234 | D        | Found a blossoming altar of Fedhas.
   234 | D        | Found an opulent altar of Gozag.
   235 | D        | Found a hazy altar of Hepliaklqana.
   236 | D        | Found a viscous altar of Jiyva.
   237 | D        | Found an ancient bone altar of Kikubaaqudgha.
   238 | D        | Found a corrupted altar of Lugonu.
   239 | D        | Found a burning altar of Makhleb.
   240 | D        | Found a sparkling altar of Nemelex Xobeh.
   241 | D        | Found an iron altar of Okawaru.
   242 | D        | Found a stormy altar of Qazlal.
   246 | D        | Became a worshipper of Gozag Ym Sagoz the Greedy
   256 | D        | Found a sacrificial altar of Ru.
   257 | D        | Found a shimmering blue altar of Sif Muna.
   258 | D        | Found a bloodstained altar of Trog.
   259 | D        | Found a hide-covered altar of Uskayaw.
   260 | D        | Found a radiant altar of Vehumet.
   261 | D        | Found an ornate altar of the Wu Jian Council.
   262 | D        | Found a shimmering altar of Xom.
   263 | D        | Found a basalt altar of Yredelemnul.
   264 | D        | Found a glowing silver altar of Zin.
   265 | D        | Found a glowing golden altar of the Shining One.
   315 | D        | Noticed a troll
   315 | D        | Noticed a komodo dragon
   315 | D        | Noticed a yak
   319 | D        | Reached skill level 10 in Fighting
   322 | D        | Killed a yak
   323 | D        | Reached skill level 10 in Maces & Flails
   325 | D        | Reached XP level 7. HP: 71/74 MP: 6/6
   329 | D        | Killed a komodo dragon
   335 | D        | Killed a troll
   336 | D        | Reached XP level 8. HP: 68/85 MP: 7/7
   398 | D        | Noticed a boulder beetle
   398 | D        | Noticed a boulder beetle
   398 | D        | Noticed a five-headed hydra
   398 | D        | Noticed a troll
   398 | D        | Noticed a boulder beetle
   417 | D        | Killed a boulder beetle
   418 | D        | Reached skill level 10 in Armour
   420 | D        | Killed a troll
   423 | D        | Killed a five-headed hydra
   424 | D        | Reached skill level 15 in Fighting
   424 | D        | Reached XP level 9. HP: 13/97 MP: 8/8
   424 | D        | Killed an unseen horror
   425 | D        | Reached skill level 15 in Maces & Flails
   426 | D        | Slain by a boulder beetle

Illustrated notes

Levels and vault maps discovered:
D:        linesprint [early_d, line_temple, items_1, d_10, items_2, lair_1,
          lair_end, items_3, orc_1, orc_end, items_4, d_15, swamp_1, shoals_1,
          snake_1, spider_1, d_20, vaults_1, items_5, swamp_end, shoals_end,
          snake_end, spider_end, vaults_end, d_27, items_6, zot_1, zot_end,
          crypt_end, forest_end, elf_end, slime_end, tomb_end, abyss_end,
          pan_hell_end]

Skill      XL: |  1  2  3  4  5  6  7  8  9 |
---------------+----------------------------+-----
Fighting       | 7 9 11 12 15 | 15.4
Maces & Flails | 6 8 9 10 12 14 15 | 15.2
Dodging        | 3 5 6 7 9 |  9.8
Armour         | 5 6 7 8 9 11 | 11.4
Shields        | |  3.6

Action                     |  1- 3 |  4- 6 |  7- 9 || total
---------------------------+-------+-------+-------++-------
  Melee: Flail             |    14 |    19 |       ||    33
         Headbutt          |     2 |     5 |    10 ||    17
         Morningstar       |       |     8 |    35 ||    43
  Evoke: Wand              |       |       |     9 ||     9
 Armour: Scale mail        |     5 |     5 |       ||    10
         Ring mail         |       |     4 |    20 ||    24
  Dodge: Dodged            |     7 |    13 |    25 ||    45
  Block: Buckler           |     2 |     4 |     8 ||    14

Table legend: (Time is in decaauts)
 A = Elapsed time spent in this place.
 B = Non-inter-level travel time spent in this place.
 C = Inter-level travel time spent in this place.
 D = Time resting spent in this place.
 E = Time spent auto-exploring this place.
 F = Levels seen in this place.
 G = Mean time per level.
                   A        B        C        D        E       F      G
               +--------+--------+--------+--------+--------+-----+--------+
         Total |    428 |    428 |      0 |    170 |     76 |   1 |  428.0 |
       Dungeon |    428 |    428 |      0 |    170 |     76 |   1 |  428.0 |
               +--------+--------+--------+--------+--------+-----+--------+

Top non-repeatable levels by time:
       D: 428 daAuts
